 Dungeon Crawl Stone Soup version 0.25-a0-578-gc91f01c39c (webtiles) character file.

Game seed: 17248491178159568113, levelgen mode: deterministic

16422 Eurus the Martial Artist (level 12, -4/94 HPs)
             Began as a Purple Draconian Transmuter on Mar 3, 2020.
             Was a Priest of Sif Muna.
             Slain by a tyrant leech (24 damage)
             ... on level 2 of the Lair of Beasts.
             The game lasted 00:56:29 (23835 turns).

Eurus the Martial Artist (DrTm)                    Turns: 23835, Time: 00:56:30

Health: -4/94      AC: 15    Str: 10 (12) XL:     12   Next: 9%
Magic:  25/25      EV: 18    Int: 13 (14) God:    Sif Muna [***...]
Gold:   972        SH:  0    Dex: 17      Spells: 27/30 levels left

rFire    . . .     SeeInvis .     - Unarmed
rCold    . . .     Gourm    +   (no shield)
rNeg     . . .     Faith    .   (armour unavailable)
rPois    .         Spirit   .   D - +2 hat {MR+}
rElec    .         Reflect  .   q - scarf {repulsion}
rCorr    .         Harm     .   m - +1 pair of gloves
MR       +++..                  C - +2 pair of boots
Stlth    ++........             u - amulet of the gourmand
HPRegen  0.25/turn              x - +3 ring of evasion
MPRegen  0.19/turn              o - ring of protection from magic

@: appendage, repel missiles
A: breathe power, unfitting armour, horns 2, deterioration 1, frail 1,
cold-blooded, AC +8
a: Breathe Dispelling Energy, End Transformation, Channel Magic, Forget Spell,
Renounce Religion


You were on level 2 of the Lair of Beasts.
You worshipped Sif Muna.
Sif Muna was most pleased with you.
You were very full.
You had grown temporary horns.
You visited 4 branches of the dungeon, and saw 15 of its levels.

You collected 997 gold pieces.
You spent 25 gold pieces at shops.

Inventory:

Missiles
 a - 150 arrows
 n - 4 boomerangs of dispersal (quivered)
Armour
 m - a +1 pair of gloves (worn)
 p - a scarf of cloud immunity
 q - a scarf of repulsion (worn)
 C - a +2 pair of boots (worn)
 D - a +2 hat of magic resistance (worn)
Jewellery
 j - an uncursed ring of see invisible
 k - an uncursed ring of protection from fire
 o - a ring of protection from magic (right hand)
 u - an amulet of the gourmand (around neck)
 x - a +3 ring of evasion (left hand)
 E - an uncursed ring of resist corrosion
 G - a +3 ring of dexterity
Wands
 e - a wand of paralysis (9)
 t - a wand of enslavement (13)
 v - a wand of polymorph (8)
Scrolls
 h - 6 scrolls of remove curse
 i - 7 scrolls of identify
 r - 4 scrolls of enchant weapon
 s - a scroll of amnesia
 y - 3 scrolls of enchant armour
Potions
 b - 2 potions of flight
 d - 3 potions of resistance
 f - 5 potions of curing
 g - 3 potions of heal wounds
 l - a potion of brilliance
 w - a potion of stabbing
 z - a potion of haste
 A - a potion of cancellation
 B - a potion of magic
 F - 2 potions of might
Comestibles
 c - 22 rations


   Skills:
 + Level 9.4 Fighting
 + Level 5.1 Dodging
 * Level 10.6 Unarmed Combat
 + Level 9.6 Spellcasting
 * Level 10.2 Transmutations
 - Level 5.0 Evocations


You had 27 spell levels left.
You knew the following spells:

 Your Spells              Type           Power        Failure   Level  Hunger
a - Beastly Appendage     Tmut           ####..       1%          1    None
b - Sticks to Snakes      Tmut           ####....     1%          2    None

Your spell library contained the following spells:

 Spells                   Type           Power        Failure   Level  Hunger
 Spider Form              Tmut/Pois      ###.......   4%          3    ##.....
 Blade Hands              Tmut           ####......   4%          5    #####..
 Freeze                   Ice            #...         12%         1    None
 Ice Form                 Ice/Tmut       ###.....     14%         4    ####...
 Frozen Ramparts          Ice            #.....       34%         3    ##.....
 Ozocubu's Armour         Chrm/Ice       #.......     34%         3    ##.....
 Hailstorm                Conj/Ice       #.......     75%         4    ####...
 Summon Ice Beast         Ice/Summ       #.......     75%         4    ####...


Dungeon Overview and Level Annotations

Branches:
Dungeon (10/15)            Temple (1/1) D:5            Lair (3/6) D:9
 Spider (0/4) Lair:2          Orc (1/2) D:10
  Swamp: Lair:2-4    Shoals: Lair:2-4

Altars:
Ashenzari
Cheibriados
Dithmenos
Elyvilon
Fedhas
Gozag
Hepliaklqana
Kikubaaqudgha
Makhleb
Nemelex Xobeh
Okawaru
Qazlal
Ru
Sif Muna
Trog
Uskayaw
Vehumet
Wu Jian
Xom
Yredelemnul
Zin
The Shining One

Shops:
D:9 [   D:10 *

Portals:
Trove: D:10 (show abyssal rune of Zot)

Annotations:
D:1 exclusion: 2 doors
D:5 3 runed translucent doors, anet's ghost, novice DEWz
D:7 Harold
Lair:3 3 runed translucent doors


Innate Abilities, Weirdness & Mutations

You can breathe bolts of dispelling energy.
Your rich purple scales are hard. (AC +8)
You cannot fit into any form of body armour.
You are cold-blooded and may be slowed by cold attacks.
You have a pair of horns on your head.
Your body sometimes deteriorates upon taking damage.
You are frail. (-10% HP)


Message History

Your adder barely misses the tyrant leech.
The tyrant leech bites you but does no damage.
You closely miss the tyrant leech. Your headbutt misses the tyrant leech.
Your tail-slap misses the tyrant leech.
The tyrant leech is severely wounded.
Your adder bites the tyrant leech.
You hit the tyrant leech.
The tyrant leech is almost dead.
The tyrant leech bites you!!
* * * LOW HITPOINT WARNING * * *
Your body deteriorates!
You feel dopey.
The tyrant leech draws strength from your injuries!
Your adder misses the tyrant leech. You hit the tyrant leech.
The tyrant leech is severely wounded.
Your adder bites the tyrant leech.
You punch the tyrant leech!
The tyrant leech is almost dead.
The tyrant leech bites you!!
You die...

.#.# ##........ ..## #.........
#.# ######## ###### #.........
#.###...##.######^...####........
#..###.......##..##.....#........
#.####.##........#....^........#.
...#.#..###...^#.#.#...#......P##
#..P...## #....#...^.####..P.###
#.[).#.#####.###@w..##^###...#
.....#.##.##.##^S$≈.≈...# ...#
..####.......##..≈≈≈≈≈^## .###
### #.#....P.###.≈.^^≈..# ##
###########.^'.>.+.## ##.#.^##.#
###### #


You could see a tyrant leech and a friendly adder.

Vanquished Creatures
  Gastronok (Lair:1)
  A two-headed ogre (D:10)
  Nergalle (Lair:3)
  An orb spider (Lair:2)
  An elephant (Lair:2)
  2 black mambas
  3 spiny frogs
  A rime drake (Lair:1)
  4 komodo dragons
  A troll (D:8)
  A blink frog (Lair:2)
  4 hippogriffs
  18 yaks
  A wyvern (D:10)
  2 hungry ghosts (D:7)
  2 basilisks (D:9)
  2 water moccasins
  12 porcupines
  3 orc warriors
  2 sky beasts (D:6)
  An ice beast (D:5)
  2 phantoms
  8 ogres
  6 wolves
  2 centaurs
  4 big kobolds
  5 crocodiles
  5 bullfrogs
  8 scorpions
  7 killer bees (D:8)
  A howler monkey (D:8)
  2 crimson imps
  2 bullfrog zombies
  A centaur zombie (D:7)
  4 jellies
  4 hounds
  A centaur skeleton (D:9)
  6 orc priests
  A bullfrog skeleton (D:7)
  9 orc wizards
  2 worker ants
  Jessica (D:2)
  Terence (D:2)
  5 iguanas
  Natasha (D:3)
  A howler monkey skeleton (D:6)
  2 gnolls
  A howler monkey zombie (D:8)
  12 adders
  7 shadow imps
  An ooze (D:2)
  An adder zombie (D:6)
  An adder skeleton (D:8)
  2 worms (D:3)
  2 dart slugs
  4 leopard geckos
  34 orcs
  11 bats
  9 giant cockroaches
  4 goblins
  3 hobgoblins
  15 jackals
  2 quokkas
  4 ball pythons
  4 frilled lizards
  23 kobolds
  5 rats
300 creatures vanquished.

Vanquished Creatures (collateral kills)
  An orc warrior (D:6)
  2 big kobolds (D:9)
  Natasha (D:3)
  2 gnolls
  An adder (D:4)
  An orc (D:10)
  4 kobolds (D:9)
12 creatures vanquished.

Vanquished Creatures (others)
  An orc wizard (D:8)
  A bush (D:9)
  6 fungi
  5 plants (D:9)
13 creatures vanquished.

Grand Total: 325 creatures vanquished

Notes
Turn   | Place    | Note
-------+----------+-------------------------------------------
     0 | D:1      | Eurus the Draconian Transmuter began the quest for the Orb.
     0 | D:1      | Reached XP level 1. HP: 16/16 MP: 3/3
   137 | D:1      | Reached XP level 2. HP: 21/23 MP: 5/5
   146 | D:1      | Learned a level 2 spell: Sticks to Snakes
  1061 | D:2      | Found a faded altar of an unknown god.
  1087 | D:2      | Reached XP level 3. HP: 24/28 MP: 6/6
  1164 | D:2      | Noticed Jessica
  1181 | D:2      | Killed Jessica
  1405 | D:2      | Noticed Terence
  1451 | D:2      | Killed Terence
  1451 | D:2      | Reached XP level 4. HP: 22/36 MP: 4/7
  1681 | D:2      | Found an ancient bone altar of Kikubaaqudgha.
  2546 | D:3      | Noticed Natasha
  2564 | D:3      | Killed Natasha
  2564 | D:3      | Reached XP level 5. HP: 29/41 MP: 7/9
  3231 | D:3      | Noticed Natasha
  3245 | D:3      | Killed Natasha
  3613 | D:4      | Noticed an ogre
  3634 | D:4      | Killed an ogre
  3634 | D:4      | Reached XP level 6. HP: 17/50 MP: 6/10
  3873 | D:4      | Found a glowing silver altar of Zin.
  3908 | D:4      | Found a shadowy altar of Dithmenos.
  5378 | D:4      | Reached skill level 5 in Unarmed Combat
  5378 | D:4      | Your scales start taking on a rich purple colour.
  5378 | D:4      | Reached XP level 7. HP: 22/57 MP: 8/13
  5587 | D:5      | Entered Level 5 of the Dungeon
  5587 | D:5      | Found a runed translucent gate.
  5587 | D:5      | Found a runed translucent gate.
  5587 | D:5      | Found a runed translucent gate.
  5587 | D:5      | Noticed anet's ghost (novice DEWz)
  5906 | D:5      | Found a snail-covered altar of Cheibriados.
  5944 | D:5      | Reached skill level 1 in Evocations
  6417 | D:5      | Reached XP level 8. HP: 58/66 MP: 15/15
  6463 | D:5      | Found a staircase to the Ecumenical Temple.
  6471 | Temple   | Entered the Ecumenical Temple
  6599 | Temple   | Became a worshipper of Sif Muna the Loreminder
  7353 | D:6      | Reached skill level 5 in Spellcasting
  7915 | D:6      | Reached skill level 5 in Fighting
  8589 | D:7      | Reached skill level 5 in Transmutations
  8615 | D:7      | Reached * piety under Sif Muna
  8647 | D:7      | Noticed Harold
  8795 | D:7      | Noticed a hippogriff
  8811 | D:7      | Killed a hippogriff
  8811 | D:7      | Reached XP level 9. HP: 57/74 MP: 14/17
  9737 | D:6      | Reached skill level 5 in Dodging
 11488 | D:8      | Reached skill level 5 in Evocations
 12032 | D:8      | Noticed a troll
 12049 | D:8      | Reached ** piety under Sif Muna
 12068 | D:8      | Killed a troll
 12551 | D:9      | Found Dysaat's Armour Shoppe.
 12620 | D:9      | Found a blossoming altar of Fedhas.
 12869 | D:9      | Reached XP level 10. HP: 79/84 MP: 20/20
 12873 | D:9      | Found a staircase to the Lair.
 13187 | D:9      | Found a hide-covered altar of Uskayaw.
 14481 | D:9      | Found an iron altar of Okawaru.
 14699 | D:10     | Entered Level 10 of the Dungeon
 14888 | D:10     | Found a staircase to the Orcish Mines.
 15138 | D:10     | Reached *** piety under Sif Muna
 15253 | D:10     | Found a portal to a secret trove of treasure.
 15267 | D:10     | Noticed a two-headed ogre
 15332 | D:10     | Killed a two-headed ogre
 15421 | D:10     | Found Poroic's Assorted Antiques.
 15441 | D:10     | Bought a scroll labeled LUGYCIEXKI for 25 gold pieces
 16467 | Orc:1    | Entered Level 1 of the Orcish Mines
 16975 | Orc:1    | Noticed an orc high priest
 16976 | Orc:1    | Gained mutation: Your body sometimes deteriorates upon
                  | taking damage. [a neqoxec]
 16977 | Orc:1    | Gained mutation: You are frail. (-10% HP) [a neqoxec]
 17210 | Lair:1   | Entered Level 1 of the Lair of Beasts
 17221 | Lair:1   | Noticed Gastronok
 17568 | Lair:1   | Killed Gastronok
 17568 | Lair:1   | Reached XP level 11. HP: 34/84 MP: 21/23
 20254 | Lair:1   | Reached skill level 10 in Unarmed Combat
 21988 | Lair:2   | Found a hole to the Spider Nest.
 21988 | Lair:2   | Noticed an orb spider
 22260 | Lair:2   | Reached **** piety under Sif Muna
 22470 | Lair:3   | Reached skill level 10 in Transmutations
 22720 | Lair:3   | Found a runed translucent gate.
 22720 | Lair:3   | Found a runed translucent gate.
 22720 | Lair:3   | Noticed Nergalle
 22749 | Lair:2   | Reached XP level 12. HP: 30/93 MP: 25/25
 23016 | Lair:3   | Killed Nergalle
 23017 | Lair:3   | Found a runed translucent gate.
 23385 | Lair:2   | Noticed a four-headed hydra
 23835 | Lair:2   | Slain by a tyrant leech

Levels and vault maps discovered:
D:1:      minmay_arrival_floating_metal, layout_rooms
D:2:      layout_basic, overflow_temple_1_default,
          chequers_ecumenical_altar_island, uniq_terence, uniq_jessica
D:3:      layout_rooms, solitary_fountain, nrook_uturn, uniq_natasha
D:4:      layout_loops_ring, overflow_temple_1_default,
          grunt_dithmenos_smoke_and_mirrors, first_ration
D:5:      minmay_thick_lines, layout_cave_pools, kennysheep_little_box,
          temple_green, gammafunk_ghost_nasty_kobolds
D:6:      layout_basic, hangedman_minor_gate_pass
D:7:      layout_cave_pools, grunt_ogre_cave, uniq_harold
D:8:      layout_basic, minmay_joined_circles
D:9:      layout_cave_pools, old_standard_altar, okawaru_ov_weapons_minmay,
          minmay_lair_entry_grove, serial_shops, shop, fedhas_altar_2
D:10:     layout_rooms, orc_0_dummy, serial_shops, shop, enter_trove_3
Temple:   nicolae_temple_elliptical
Lair:1:   layout_misc_corridors, beast_lair_carwin_2, uniq_gastronok
Lair:2:   layout_loops_ring, palyth_hydra_swamp_entry,
          nicolae_spider_entry_orb_guardian
Lair:3:   layout_big_grid, gammafunk_ghost_necromancy, uniq_nergalle
Orc:1:    layout_caves, minmay_shop_mass

Skill      XL: |  1  2  3  4  5  6  7  8  9 10 11 |
---------------+----------------------------------+-----
Dodging        | 2 3 4 5 |  5.1
Fighting       | 2 3 4 5 6 8 9 |  9.4
Transmutations | 3 4 5 6 8 10 | 10.2
Unarmed Combat | 4 5 6 7 9 10 | 10.6
Spellcasting   | 3 4 5 7 8 9 |  9.6
Evocations     | 2 3 5 |  5.0

Action                   |  1- 3 |  4- 6 |  7- 9 | 10-12 || total
-------------------------+-------+-------+-------+-------++-------
Melee: Unarmed           |   126 |   304 |   569 |   699 ||  1698
       Tailslap          |    10 |    37 |    71 |   103 ||   221
       Headbutt          |     5 |    16 |    61 |    87 ||   169
       Kick              |     6 |    28 |    62 |    85 ||   181
       Punch             |     1 |     3 |    14 |    29 ||    47
 Cast: Beastly Appendage |    10 |    35 |    62 |    81 ||   188
       Sticks to Snakes  |     3 |    13 |     3 |    27 ||    46
 Abil: Breathe Dispellin |       |       |     2 |     1 ||     3
  Use: Potion            |       |       |    10 |     1 ||    11
       Scroll            |       |       |    13 |     4 ||    17
 Stab: Sleeping          |       |     2 |     2 |       ||     4
       Distracted        |       |       |       |     4 ||     4
  Eat: Chunk             |     2 |    11 |    43 |    34 ||    90
       Ration            |       |     1 |       |       ||     1
Armor: Skin              |    46 |    85 |   134 |   165 ||   430
Dodge: Dodged            |    95 |   201 |   430 |   504 ||  1230
       Deflected         |       |       |    10 |     9 ||    19

Table legend:
 A = Non-vault XP
 B = Vault XP
 C = Vault XP percentage of total XP
 D = Non-vault monster count
 E = Vault monster count
 F = Vault count percentage of total count
                 A         B        C        D         E       F
            +---------+---------+-------+---------+---------+-------
      Total |   16789 |    6672 |  28.4 |     274 |      39 |  12.5
            +---------+---------+-------+---------+---------+-------
        D:1 |      26 |       0 |   0.0 |      15 |       0 |   0.0
        D:2 |     122 |      71 |  36.8 |      23 |       2 |   8.0
        D:3 |      99 |      30 |  23.3 |      29 |       1 |   3.3
        D:4 |     443 |       0 |   0.0 |      19 |       0 |   0.0
        D:5 |     674 |     239 |  26.2 |       8 |       5 |  38.5
        D:6 |     907 |     132 |  12.7 |      25 |       5 |  16.7
        D:7 |     834 |     118 |  12.4 |      17 |       1 |   5.6
        D:8 |    1013 |    1584 |  61.0 |      27 |      12 |  30.8
        D:9 |    2455 |     946 |  27.8 |      34 |       7 |  17.1
       D:10 |    2270 |       0 |   0.0 |      34 |       0 |   0.0
     Lair:1 |    3330 |    2394 |  41.8 |      17 |       4 |  19.0
     Lair:2 |    4041 |     413 |   9.3 |      18 |       1 |   5.3
     Lair:3 |     482 |     745 |  60.7 |       2 |       1 |  33.3
      Orc:1 |      93 |       0 |   0.0 |       6 |       0 |   0.0
            +---------+---------+-------+---------+---------+-------
